 Dungeon Crawl Stone Soup version 0.15-a0-332-g794fddc (console) character file.

264 Natasha the Slasher (level 5, -5/35 HPs)
             Began as a Halfling Fighter on Apr 28, 2014.
             Slain by a sky beast (6 damage)
             ... on Level 5 of the Dungeon.
             The game lasted 00:12:48 (1708 turns).

Natasha the Slasher (Halfling Fighter)              Turns: 1708, Time: 00:12:48

HP  -5/35        AC  5     Str 14      XL: 5   Next:  3%
MP   5/5         EV 12     Int  8      God:
Gold 164         SH 12     Dex 16      Spells:  0 memorised,  4 levels left

rFire  . . .     SeeInvis .     a - +0 long sword
rCold  . . .     Clarity  .     f - +0 leather armour
rNeg   . . .     Conserve .     c - +0 buckler
rPois  .         rCorr    .     (no helmet)
rElec  .         rRot     .     (no cloak)
SustAb . .       Spirit   .     j - +0 pair of gloves
rMut   .         Warding  .     n - +0 pair of boots
Saprov . . .     Stasis   .     (no amulet)
MR     .....                    v - ring of regeneration
                                m - ring of flight

@: not resistant to hostile enchantments, unstealthy
A: mutation resistance 1, slow metabolism 1
a: Evoke Flight


You were on level 5 of the Dungeon.
You were hungry.

You visited 1 branch of the dungeon, and saw 5 of its levels.

You collected 164 gold pieces.

Inventory:

Hand weapons
 a - a +0,+0 long sword (weapon)
 s - a +0,-2 sling
Armour
 b - a +0 scale mail
 c - a +0 buckler (worn)
 f - a +0 leather armour (worn)
 j - a +0 pair of gloves (worn)
 n - a +0 pair of boots (worn)
 q - a +0 ring mail
Magical devices
 r - a wand of lightning (0)
Comestibles
 d - a bread ration
 g - a choko
 h - a pear
 l - a meat ration
Jewellery
 k - a +2 ring of intelligence
 m - a ring of flight (left hand)
 v - a ring of regeneration (right hand)
Potions
 e - a potion of might
 i - 3 potions of curing
 o - a potion of poison {unknown}
 p - a potion of berserk rage {unknown}
 u - a potion of lignification
 w - 2 potions of degeneration {unknown}


   Skills:
 - Level 2.6 Fighting
 + Level 4.8 Long Blades
 - Level 2.4 Armour
 - Level 3.2 Shields


You had 4 spell levels left.
You didn't know any spells.

Dungeon Overview and Level Annotations

Branches:
Dungeon (5/15)
 Temple: D:4-7

Altars:
Kikubaaqudgha

Annotations:
D:4 Eustachio


Innate Abilities, Weirdness & Mutations

You are small and have problems with some larger weapons.
You are somewhat resistant to further mutation.
You have a slow metabolism.


Message History

The giant eyeball stares at you. You resist.
Found a gluggy orange potion.
The sky beast flickers out of sight!
Deactivating autopickup; reactivate with Ctrl-A.
Something hits you but does no damage.
You closely miss something. Something hits you. Something shocks you.
Something hits you but does no damage.
You completely miss something. Something hits you but does no damage.
You miss something. Something hits you but does no damage.
You hit something. Something hits you. Something shocks you!
You hit something. Something hits you but does no damage.
You barely miss something. Something hits you. Something shocks you!
You barely miss something. Something hits you.
* * * LOW HITPOINT WARNING * * *
Something shocks you!
* * * LOW HITPOINT WARNING * * *
Something hits you.
* * * LOW HITPOINT WARNING * * *
Something shocks you!
You die...

.# ..# #!# #####
#.# #......
#.###.....!
##..........
#........%..#
#.#@#..)...#
#...#......#
.######.###......#
..........{G......#
....#######<.....#
.. #......#
##.##### .# .#


There were no monsters in sight!

Vanquished Creatures
  A hound skeleton (D:4)
  2 adders
  A giant mite (D:3)
  4 giant geckos
  An orc (D:4)
  2 giant cockroaches
  12 goblins
  14 hobgoblins
  3 jackals (D:3)
  A ball python (D:3)
  2 bats
  3 giant newts
  A goblin skeleton (D:4)
  4 kobolds
  3 rats
54 creatures vanquished.

Notes
Turn   | Place    | Note
--------------------------------------------------------------
     0 | D:1      | Natasha, the Halfling Fighter, began the quest for the Orb.
     0 | D:1      | Reached XP level 1. HP: 15/15 MP: 1/1
   131 | D:1      | Reached XP level 2. HP: 20/20 MP: 2/2
   145 | D:1      | You fall through a shaft!
   426 | D:2      | Reached XP level 3. HP: 20/25 MP: 3/3
   825 | D:3      | Reached skill level 4 in Long Blades
   825 | D:3      | Reached XP level 4. HP: 26/30 MP: 4/4
   958 | D:4      | Noticed a phantom
   974 | D:3      | Noticed a sky beast
  1555 | D:5      | Entered Level 5 of the Dungeon
  1555 | D:5      | Noticed a sky beast
  1650 | D:4      | Reached XP level 5. HP: 30/35 MP: 5/5
  1669 | D:4      | Found an ancient bone altar of Kikubaaqudgha.
  1671 | D:4      | Noticed Eustachio
  1683 | D:4      | Paralysed by a giant eyeball for 3 turns
  1688 | D:4      | Paralysed by a giant eyeball for 2 turns
  1694 | D:5      | Paralysed by a giant eyeball for 3 turns
  1708 | D:5      | HP: 1/35 [something (3)]
  1708 | D:5      | Slain by a sky beast

Action                   |  1- 3 |  4- 6 || total
-------------------------+-------+-------++-------
Melee: Long sword        |   131 |    56 ||   187
       Sling             |       |   112 ||   112
 Fire: Sling             |       |    42 ||    42
Evoke: Wand              |       |     7 ||     7
  Use: Scroll            |     2 |     6 ||     8
